 Dungeon Crawl Stone Soup version 0.31-a0-142-g31f6795574 (webtiles) character file.

Game seed: 3621768256572691224

107 Anathary the Covered (level 4, 0/40 HPs)
             Began as a Minotaur Fighter on June 3, 2023.
             Was an Initiate of Cheibriados.
             Succumbed to an orc's poison
             ... on level 3 of the Dungeon.
             The game lasted 00:03:56 (1780 turns).

Anathary the Covered (Minotaur Fighter)             Turns: 1780, Time: 00:03:57

Health: 0/40       AC:  7    Str: 22    XL:     4   Next: 56%
Magic:  3/3        EV:  9    Int:  6    God:    Cheibriados [......]
Gold:   86         SH:  0    Dex: 12    Spells: 3/3 levels left

rFire   . . .        a - +0 long sword
rCold   . . .        c - +0 buckler
rNeg    . . .        b - +0 scale mail
rPois   .            (helmet restricted)
rElec   .            (no cloak)
rCorr   .            (no gloves)
SInv    .            (no boots)
Will    .....        (no amulet) Stlth
                     (no ring)
HPRegen 0.26/turn    (no ring)
MPRegen 0.08/turn

%: no passive effects
@: confused, lethally poisoned (0 -> -6), very slow
A: horns 2, retaliatory headbutt
a: Renounce Religion


You were on level 3 of the Dungeon.
You worshipped Cheibriados.
Cheibriados was noncommittal.
You visited 1 branch of the dungeon, and saw 3 of its levels.

You collected 86 gold pieces.

Inventory:

Hand Weapons
 a - a +0 long sword (weapon)
Armour
 b - a +0 scale mail (worn)
 c - a +0 buckler (worn)
Jewellery
 k - an amulet of magic regeneration
Scrolls
 e - a scroll of magic mapping {unknown}
 f - a scroll of poison {unknown}
 g - 2 scrolls of enchant armour {unknown}
 i - a scroll of teleportation {unknown}
Potions
 d - a potion of might
 h - a potion of lignification {unknown}
 j - a potion of magic {unknown}
 l - a potion of haste {unknown}


   Skills:
 + Level 4.0 Fighting
 + Level 4.0 Long Blades
 + Level 4.6 Armour
 + Level 0.3 Dodging
 + Level 4.3 Shields


You had 3 spell levels left.
You didn't know any spells.
Your spell library was empty.

Dungeon Overview and Level Annotations

Branches:
Dungeon (3/15)

Altars:
Cheibriados


Innate Abilities, Weirdness & Mutations

You have a pair of horns on your head.
You reflexively headbutt those who attack you in melee.


Message History

The magic dart hits you. The orc hits you with a +0 whip.
Something hits you but does no damage.
The orc hits you from afar with a +0 trident.
The orc hits you but does no damage. Something hits you but does no damage.
The orc closely misses you.
You miss something. You block the orc's attack.
Something hits you but does no damage. The orc barely misses you.
You furiously retaliate!
You headbutt the orc!
You kill the orc!
Cheibriados appreciates the change of pace.
Something hits you but does no damage. The orc barely misses you.
You miss something. Your headbutt misses something.
The orc hits you from afar with a +0 trident!
The orc hits you with a +0 club.
You hear some strange, mumbled words.
A magic dart appears from out of thin air!
The magic dart hits you. Something hits you.
You miss something. The orc completely misses you.
The orc hits you with a +0 club.
* * * LOW HITPOINT WARNING * * *
You hear some strange, mumbled words.
Something tries to affect you, but you resist.
Something hits you but does no damage.
You miss something. The orc hits you but does no damage.
You block the orc's attack.
You hear some strange, mumbled words.
A magic dart appears from out of thin air!
The magic dart hits you.
* * * LOW HITPOINT WARNING * * *
You block something's attack.
The orc hits you from afar with a +0 trident.
* * * LOW HITPOINT WARNING * * *
You hear some strange, mumbled words.
You are confused.
The orc hits you but does no damage.
The orc hits you with a +2 hand axe of venom.
* * * LOW HITPOINT WARNING * * *
You are lethally poisoned!
You miss something.
You die...

###### ######
#.... ##..... ....
.......##.#####
.......Jo{....###.
.......oo@# ......
o..###.##)##......
#. #(...........
#. #............
#. #....#.......
#. #....#.......
#? #..###>.... ..
##...#... ###.#†#


You could see 3 orcs and an endoplasm.

Vanquished Creatures
  4 gnolls (D:3)
  6 orcs
  4 bats
  5 endoplasms
  3 giant cockroaches (D:1)
  2 goblins
  8 hobgoblins
  7 jackals
  6 ball pythons
  4 frilled lizards
  3 kobolds
  4 rats
56 creatures vanquished.

Notes
Turn   | Place    | Note
-------+----------+-------------------------------------------
     0 | D:1      | Anathary the Minotaur Fighter began the quest for the Orb.
     0 | D:1      | Reached XP level 1. HP: 19/19 MP: 0/0
    32 | D:1      | Found a faded altar of an unknown god.
   145 | D:1      | You fall into a shaft and drop 1 floor!
   174 | D:1      | Reached XP level 2. HP: 26/27 MP: 1/1
   556 | D:1      | Reached XP level 3. HP: 33/33 MP: 2/2
  1282 | D:2      | Found a snail-covered altar of Cheibriados.
  1328 | D:2      | Became a worshipper of Cheibriados the Contemplative
  1584 | D:3      | Reached XP level 4. HP: 26/40 MP: 3/3
  1779 | D:3      | HP: 1/40 [orc/+2 hand axe of venom (3)]
  1780 | D:3      | Succumbed to an orc's poison

Illustrated notes

Levels and vault maps discovered:
D:1:      grunt_arrival_lava_bath, layout_basic,
          ebering_ecumenical_altar_abandoned
D:2:      layout_basic, basic_altar
D:3:      layout_loops_ring, tgw_sif

Skill      XL: |  1  2  3  4 |
---------------+-------------+-----
Shields        | 4 |  4.3
Long Blades    | 3 4 |  4.0
Armour         | 4 |  4.6
Fighting       | 4 |  4.0
Dodging        | |  0.3

Action                     |  1- 3 |  4- 6 || total
---------------------------+-------+-------++-------
  Melee: Long sword        |   108 |    33 ||   141
         Headbutt          |    15 |     2 ||    17
 Armour: Scale mail        |    42 |    30 ||    72
  Dodge: Dodged            |    56 |    26 ||    82
  Block: Buckler           |    17 |    17 ||    34

Table legend: (Time is in decaauts)
 A = Elapsed time spent in this place.
 B = Non-inter-level travel time spent in this place.
 C = Inter-level travel time spent in this place.
 D = Time resting spent in this place.
 E = Time spent auto-exploring this place.
 F = Levels seen in this place.
 G = Mean time per level.
                   A        B        C        D        E       F      G
               +--------+--------+--------+--------+--------+-----+--------+
         Total |   1897 |   1850 |     47 |    174 |   1284 |   3 |  632.3 |
       Dungeon |   1897 |   1850 |     47 |    174 |   1284 |   3 |  632.3 |
               +--------+--------+--------+--------+--------+-----+--------+

Top non-repeatable levels by time:
     D:1: 1071 daAuts
     D:2: 597 daAuts
     D:3: 228 daAuts
